 Dungeon Crawl Stone Soup version 0.25.1-2-g60ff931df9 (webtiles) character file.

Game seed: 8277315330030962874

518 hawla the Magician (level 7, -2/50 HPs)
             Began as a Purple Draconian Conjurer on Nov 17, 2020.
             Slain by a centaur zombie (3 damage)
             ... in an ossuary.
             The game lasted 00:15:47 (4726 turns).

hawla the Magician (Purple Draconian Conjurer)      Turns: 4726, Time: 00:15:47

Health: -2/50      AC: 12    Str: 10    XL:     7   Next: 1%
Magic:  0/16       EV: 12    Int: 17    God:
Gold:   236        SH:  0    Dex: 12    Spells: 11/18 levels left

rFire    + . .     SeeInvis .   h - +0 rapier
rCold    . . .     Gourm    .   (no shield)
rNeg     . . .     Faith    .   (armour unavailable)
rPois    .         Spirit   .   (helmet restricted)
rElec    .         Reflect  .   (no cloak)
rCorr    .         Harm     .   (no gloves)
MR       +....                  o - +1 pair of boots
Stlth    ++........             (no amulet)
HPRegen  0.16/turn              g - ring of protection from fire
MPRegen  0.15/turn              k - +4 ring of protection

@: about to teleport, short of breath, marked
A: breathe power, unfitting armour, antennae 1, big wings, cold-blooded, AC +6
a: Breathe Dispelling Energy, Fly


You were in an ossuary.
You were not hungry.

You visited 2 branches of the dungeon, and saw 6 of its levels.
You also visited: Ossuary.

You collected 236 gold pieces.

Inventory:

Hand Weapons
 h - a +0 rapier (weapon)
Missiles
 a - 27 poisoned darts (quivered)
Armour
 o - a +1 pair of boots (worn)
Jewellery
 g - a ring of protection from fire (left hand)
 k - a +4 ring of protection (right hand)
Scrolls
 p - a scroll of magic mapping
Potions
 n - a potion of flight
Comestibles
 b - 13 rations


   Skills:
 - Level 1.7 Dodging
 - Level 1.7 Stealth
 - Level 6.4 Spellcasting
 + Level 5.3 Conjurations
 + Level 3.2 Translocations


You had 11 spell levels left.
You knew the following spells:

 Your Spells              Type           Power        Failure   Level  Hunger
a - Magic Dart            Conj           ###.         1%          1    None
b - Searing Ray           Conj           ###...       1%          2    None
c - Iskenderun's Mystic   Conj/Tloc      ###.....     22%         4    ####...

Your spell library contained the following spells:

 Spells                   Type           Power        Failure   Level  Hunger
 Dazzling Flash           Conj/Hex       ##....       12%         3    ##.....
 Fulminant Prism          Conj/Hex       ##........   38%         4    ####...


Dungeon Overview and Level Annotations

Branches:
Dungeon (5/15)             Temple (1/1) D:4         Ossuary (1/1)

Altars:
Ashenzari
Cheibriados
Elyvilon
Fedhas
Gozag
Hepliaklqana
Okawaru
Ru
Sif Muna
Uskayaw
Wu Jian
Xom
Zin
The Shining One


Innate Abilities, Weirdness & Mutations

You can breathe bolts of dispelling energy.
Your rich purple scales are hard. (AC +6)
You cannot fit into any form of body armour.
You are cold-blooded and may be slowed by cold attacks.
You have a pair of small antennae on your head.
Your large and strong wings let you fly indefinitely.


Message History

Casting: Magic Dart (safe; 1% risk of failure)
Confirm with . or Enter, or press ? or * to list all spells.
Aiming: Magic Dart (safe; 1% risk of failure)
Press: ? - help, Shift-Dir - straight line, f/p - centaur zombie
Aim: a centaur zombie (moderately damaged)
The magic dart hits the centaur zombie.
The centaur zombie is moderately damaged.
The centaur zombie hits you but does no damage.
The centaur zombie closely misses you.
The centaur zombie hits you but does no damage.
Casting: Magic Dart (safe; 1% risk of failure)
Confirm with . or Enter, or press ? or * to list all spells.
Aiming: Magic Dart (safe; 1% risk of failure)
Press: ? - help, Shift-Dir - straight line, f/p - centaur zombie
Aim: a centaur zombie (moderately damaged)
The magic dart hits the centaur zombie.
The centaur zombie is heavily damaged.
The centaur zombie barely misses you. The centaur zombie closely misses you.
The centaur zombie hits you.
You die...

#.....#
#.....#
#..∩..#
#.....#
#..∩..#
#.....#
#.....#
##...^Z##
#...^ZZ@#
##.^..Z##
#...^.Z.#
##.....##
#....^..#
##.....##
#.......#
##.....##
#.^^....#


You could see 2 big kobold zombies and 3 centaur zombies.

Vanquished Creatures
  3 centaur zombies (Ossuary)
  2 hounds (D:3)
  2 orc wizards
  An orc priest (D:3)
  A centaur skeleton (D:5)
  2 big kobold zombies (Ossuary)
  3 mummies (Ossuary)
  A hound skeleton (D:4)
  A gnoll (D:3)
  4 adders
  An ooze (D:3)
  4 worms
  2 dart slugs (D:2)
  2 leopard geckos
  9 orcs
  6 giant cockroaches
  4 goblins
  3 hobgoblins
  15 jackals
  8 kobolds
  A quokka (D:3)
  A ball python (D:1)
  6 bats
  4 frilled lizards
  2 hobgoblin zombies (Ossuary)
  6 rats
94 creatures vanquished.

Notes
Turn   | Place    | Note
-------+----------+-------------------------------------------
     0 | D:1      | hawla the Draconian Conjurer began the quest for the Orb.
     0 | D:1      | Reached XP level 1. HP: 14/14 MP: 3/3
   606 | D:1      | Reached XP level 2. HP: 20/20 MP: 2/5
   876 | D:2      | Learned a level 2 spell: Searing Ray
   943 | D:2      | Reached skill level 3 in Spellcasting
  1230 | D:2      | Reached XP level 3. HP: 26/26 MP: 3/7
  1808 | D:2      | Reached skill level 4 in Spellcasting
  1832 | D:2      | Reached XP level 4. HP: 28/33 MP: 1/10
  2820 | D:3      | Reached XP level 5. HP: 38/38 MP: 8/12
  3030 | D:3      | Reached skill level 5 in Spellcasting
  3221 | D:3      | Learned a level 4 spell: Iskenderun's Mystic Blast
  3335 | D:3      | Reached skill level 1 in Translocations
  3337 | D:3      | Reached XP level 6. HP: 43/45 MP: 5/13
  4178 | D:4      | Found a staircase to the Ecumenical Temple.
  4184 | Temple   | Entered the Ecumenical Temple
  4542 | D:5      | Entered Level 5 of the Dungeon
  4570 | D:5      | Found a sand-covered staircase.
  4578 | Ossuary  | Entered an ossuary
  4579 | Ossuary  | Gained mutation: Your large and strong wings let you fly
                  | indefinitely. [potion of mutation]
  4579 | Ossuary  | Gained mutation: You have a pair of small antennae on your
                  | head. [potion of mutation]
  4619 | Ossuary  | Reached skill level 5 in Conjurations
  4629 | Ossuary  | HP: 2/45 [big kobold zombie (4)]
  4635 | Ossuary  | HP: 2/45 [hobgoblin zombie (1)]
  4713 | Ossuary  | Your scales start taking on a rich purple colour.
  4713 | Ossuary  | Reached skill level 6 in Spellcasting
  4713 | Ossuary  | Reached XP level 7. HP: 10/50 MP: 1/16
  4724 | Ossuary  | HP: 2/50 [centaur zombie (2)]
  4726 | Ossuary  | Slain by a centaur zombie

Illustrated notes

Levels and vault maps discovered:
D:1:      noname_arrival_rooms_in_the_neighbourhood, layout_loops_ring
D:2:      layout_basic, first_ration
D:3:      minmay_door_path, layout_rooms, minmay_misc_feat_pillars,
          cheibrodos_gnoll_hut
D:4:      layout_basic, minmay_temple_entry_fiery
D:5:      layout_loops_ring, vehumet_altar_wand_db,
          lightli_ossuary_entry_decrepit_ruins, gammafunk_ghost_split,
          minmay_between, uniq_sigmund
Temple:   eino_temple_water
Ossuary:  ossuary_the_hunt_dpeg

Skill      XL: |  1  2  3  4  5  6 |
---------------+-------------------+-----
Spellcasting   | 3 4 5 6 |  6.4
Translocations | 1 3 |  3.2
Conjurations   | 5 |  5.3
Dodging        | |  1.7
Stealth        | |  1.7

Action                   |  1- 3 |  4- 6 |  7- 9 || total
-------------------------+-------+-------+-------++-------
Melee: Unarmed           |     8 |    13 |       ||    21
       Tailslap          |     3 |     9 |     1 ||    13
       Rapier            |       |    76 |     2 ||    78
 Cast: Magic Dart        |    73 |    49 |     3 ||   125
       Searing Ray       |     4 |    26 |       ||    30
       Iskenderun's Myst |       |     2 |       ||     2
 Abil: Breathe Dispellin |       |       |     1 ||     1
  Use: Scroll            |     2 |     6 |     1 ||     9
       Potion            |       |    11 |       ||    11
  Eat: Chunk             |     3 |     7 |       ||    10
       Ration            |       |     1 |       ||     1
Armor: Skin              |     5 |   242 |     7 ||   254
Dodge: Dodged            |     9 |   115 |    14 ||   138
